 Dungeon Crawl Stone Soup version 0.26-a0-1139-g7d2dc893a1 (webtiles) character file.

Game seed: 331511163206462924

274 Dracia the Ducker (level 6, -2/49 HPs)
             Began as a Demonspawn Gladiator on Dec 21, 2020.
             Slain by an ogre
             ... wielding a +0 giant club
              (15 damage)
             ... on level 3 of the Dungeon.
             The game lasted 00:03:11 (2968 turns).

Dracia the Ducker (Demonspawn Gladiator)            Turns: 2968, Time: 00:03:11

Health: -2/49      AC:  4    Str: 15    XL:     6   Next: 3%
Magic:  6/6        EV: 14    Int:  9    God:
Gold:   216        SH:  0    Dex: 16    Spells: 5/5 levels left

rFire    . . .     SeeInvis .   r - +4 quarterstaff (chaos)
rCold    . . .     Faith    .   (shield currently unavailable)
rNeg     . . .     Spirit   .   b - +0 leather armour
rPois    .         Reflect  .   (helmet restricted)
rElec    .         Harm     .   q - +0 cloak
rCorr    .         Rampage  .   (no gloves)
Will     .....                  (no boots)
Stlth    +.........             (no amulet)
HPRegen  0.16/turn              (no ring)
MPRegen  0.10/turn              (no ring)

@: no status effects
A: antennae 1, powered by death 2
a: no special abilities


You were on level 3 of the Dungeon.
You visited 1 branch of the dungeon, and saw 3 of its levels.

You collected 216 gold pieces.


Innate Abilities, Weirdness & Mutations

You have a pair of small antennae on your head.
You regenerate health from kills.


   Skills:
 + Level 4.6 Fighting
 - Level 2.6 Staves
 - Level 1.7 Throwing
 + Level 4.7 Dodging


You had 5 spell levels left.
You didn't know any spells.
Your spell library was empty.

Inventory:

Hand Weapons
 a - a +0 quarterstaff
 r - a +4 quarterstaff of chaos (weapon)
Missiles
 d - 3 throwing nets {=f=f}
 m - 6 atropa-tipped darts (quivered)
 y - 6 poisoned darts
Armour
 b - a +0 leather armour (worn)
 c - a +0 helmet
 q - a +0 cloak (worn)
 w - a +0 leather armour of positive energy
Jewellery
 v - a cursed ring of attention {unknown}
Scrolls
 e - a scroll of enchant armour {unknown}
 f - 5 scrolls of identify {unknown}
 g - 3 scrolls of remove curse {unknown}
 h - 2 scrolls of teleportation {@r4@r4}
 l - 2 scrolls of magic mapping {unknown}
 p - a scroll of enchant weapon {unknown}
 t - a scroll of amnesia {unknown}
Potions
 i - 2 potions of flight {unknown}
 j - a potion of degeneration {unknown}
 k - a potion of attraction {unknown}
 n - a potion of experience {unknown}
 o - a potion of lignification {unknown}
 s - 3 potions of heal wounds {unknown}
 u - a potion of brilliance {unknown}
 x - a potion of berserk rage {unknown}

Dungeon Overview and Level Annotations

Branches:
Dungeon (3/15)

Altars:

##.#####.#.# #.# #.#.#........
#.# #.#†# ...... #.# #.#.###.....
#.# #.#.# ..... #.# #.#.# ....
#.# #.#.# ..# #.# #...# #{# #.#
#####.#.#@# #.# #.#.#.# #.#
#.#.#.## #.# #.#.#.#. #.#
#.#.#?#.## #.# #.#.#.#...
##.#########.#>#.#..#############
...............#.#(.#............
##.#########.#...#........######.


There were no monsters in sight!


Message History

You hit the bat. You freeze the bat.
You kill the bat!
No target in view!
No target in view!
No target in view!
y - 6 poisoned darts You see here a bat corpse.
Found 2 scrolls labelled WIUMIDW AZOMM.
An ogre comes into view. It is wielding a +0 giant club.
You see here 2 scrolls labelled WIUMIDW AZOMM.
An ogre is nearby!
An ogre is nearby!
The ogre shouts!
You barely miss the ogre. The ogre barely misses you.
You closely miss the ogre. The ogre misses you.
You hit the ogre.
The ogre is lightly wounded.
The ogre barely misses you.
You sock the ogre! You drain the ogre.
The ogre is heavily wounded.
The ogre hits you with a +0 giant club!
You sock the ogre!
The ogre flickers and vanishes!
Deactivating autopickup; reactivate with Ctrl-A.
Something hits you.
You barely miss something. Something hits you!!
* * * LOW HITPOINT WARNING * * *
Your leather armour prevents you from hitting something.
Something hits you!
You die...

Skill      XL: |  1  2  3 |
---------------+----------+-----
Dodging        | 3 4 |  4.7
Fighting       | 4 |  4.6
Staves         | |  2.6
Throwing       | |  1.7

Action                   |  1- 3 |  4- 6 || total
-------------------------+-------+-------++-------
Melee: Quarterstaff      |    95 |    88 ||   183
Throw: Dart              |       |     1 ||     1
  Use: Scroll            |       |     1 ||     1
 Stab: Sleeping          |       |     2 ||     2
Armor: Leather armour    |    40 |    17 ||    57
Dodge: Dodged            |    78 |    72 ||   150

Levels and vault maps discovered:
D:1:      saegor_arrival_simple_d, layout_basic
D:2:      layout_rooms, serial_bayou_lagoon_a, minmay_pentomino_p4,
          uniq_crazy_yiuf_cottage, uniq_sigmund
D:3:      layout_basic

Notes
Turn   | Place    | Note
-------+----------+-------------------------------------------
     0 | D:1      | Dracia the Demonspawn Gladiator began the quest for the
                  | Orb.
     0 | D:1      | Reached XP level 1. HP: 16/16 MP: 1/1
   358 | D:1      | Reached skill level 3 in Dodging
   375 | D:1      | Gained mutation: You regenerate a little health from kills.
                  | [demonic ancestry]
   375 | D:1      | Reached XP level 2. HP: 23/23 MP: 2/2
  1387 | D:2      | Gained mutation: You regenerate health from kills. [demonic
                  | ancestry]
  1387 | D:2      | Reached XP level 3. HP: 20/28 MP: 3/3
  1568 | D:2      | Found a runed translucent door.
  1569 | D:2      | Noticed Crazy Yiuf
  1698 | D:2      | Noticed Sigmund
  1721 | D:2      | Killed Sigmund
  1722 | D:2      | Reached skill level 4 in Fighting
  1722 | D:2      | Reached skill level 4 in Dodging
  1722 | D:2      | Reached XP level 4. HP: 29/37 MP: 4/4
  1722 | D:2      | Reached XP level 5. HP: 33/42 MP: 5/5
  1939 | D:2      | Killed Crazy Yiuf
  2687 | D:3      | Gained mutation: You have a pair of small antennae on your
                  | head. [demonic ancestry]
  2687 | D:3      | Reached XP level 6. HP: 49/49 MP: 6/6
  2968 | D:3      | Slain by an ogre

Vanquished Creatures
  Sigmund (D:2)
  Crazy Yiuf (D:2)
  An adder (D:3)
  4 worms (D:2)
  2 dart slugs (D:2)
  A leopard gecko (D:1)
  4 orcs (D:3)
  8 bats
  4 giant cockroaches
  9 goblins
  7 hobgoblins
  3 jackals (D:3)
  2 kobolds
  3 quokkas (D:2)
  A ball python (D:2)
  A frilled lizard (D:2)
  5 rats
57 creatures vanquished.

Vanquished Creatures (others)
  18 plants (D:2)
18 creatures vanquished.

Grand Total: 75 creatures vanquished

Table legend: (Time is in decaauts)
 A = Elapsed time spent in this place.
 B = Non-inter-level travel time spent in this place.
 C = Inter-level travel time spent in this place.
 D = Time resting spent in this place.
 E = Time spent auto-exploring this place.
 F = Levels seen in this place.
 G = Mean time per level.
                   A        B        C        D        E       F      G
               +--------+--------+--------+--------+--------+-----+--------+
         Total |   3008 |   2958 |     50 |    330 |   2188 |   3 | 1002.7 |
       Dungeon |   3008 |   2958 |     50 |    330 |   2188 |   3 | 1002.7 |
               +--------+--------+--------+--------+--------+-----+--------+

Top non-repeatable levels by time:
     D:1: 1388 daAuts
     D:3: 957 daAuts
     D:2: 662 daAuts

Table legend:
 A = Non-vault XP
 B = Vault XP
 C = Vault XP percentage of total XP
 D = Non-vault monster count
 E = Vault monster count
 F = Vault count percentage of total count
                 A         B        C        D         E       F
            +---------+---------+-------+---------+---------+-------
      Total |     120 |     272 |  69.4 |      51 |       6 |  10.5
            +---------+---------+-------+---------+---------+-------
        D:1 |      19 |       0 |   0.0 |      10 |       0 |   0.0
        D:2 |      53 |     272 |  83.7 |      23 |       6 |  20.7
        D:3 |      48 |       0 |   0.0 |      18 |       0 |   0.0
            +---------+---------+-------+---------+---------+-------
